 Dungeon Crawl Stone Soup version 0.30-a0-711-gf4ac18a38d (webtiles) character file.

Game seed: 16282131075356484014

50 bande the Trooper (level 3, -1/24 HPs)
             Began as a Gargoyle Fighter on Jan 23, 2023.
             Slain by a worm (9 damage)
             ... on level 2 of the Dungeon.
             The game lasted 00:01:37 (862 turns).

bande the Trooper (Gargoyle Fighter)                 Turns: 862, Time: 00:01:37

Health: -1/24      AC: 12    Str: 19    XL:     3   Next: 79%
Magic:  3/3        EV:  9    Int:  8    God:
Gold:   54         SH:  4    Dex: 11    Spells: 2/2 levels left

rFire   . . .      SeeInvis .    a - +0 war axe
rCold   . . .      Faith    .    c - +0 buckler
rNeg    + . .      Spirit   .    b - +0 scale mail
rPois   ∞          Reflect  .    (no helmet)
rElec   +          Harm     .    k - +1 cloak
rCorr   .          Rampage  .    (no gloves)
Will    .....                    (no boots) Stlth
                                 (no amulet)
HPRegen 0.24/turn                (no ring)
MPRegen 0.08/turn                (no ring)

@: no status effects
A: sickness immunity, AC +3, negative energy resistance 1, electricity
resistance, torment resistance 1, petrification resistance
a: no special abilities


You were on level 2 of the Dungeon.
You visited 1 branch of the dungeon, and saw 2 of its levels.

You collected 54 gold pieces.

Inventory:

Hand Weapons
 a - a +0 war axe (weapon)
Armour
 b - a +0 scale mail (worn)
 c - a +0 buckler (worn)
 k - a +1 cloak (worn)
Scrolls
 h - a scroll of identify
Potions
 d - a potion of might
 f - 2 potions of haste
 l - a potion of brilliance


   Skills:
 + Level 3.7 Fighting
 + Level 2.5 Axes
 + Level 3.7 Armour
 + Level 3.7 Shields


You had 2 spell levels left.
You didn't know any spells.
Your spell library was empty.

Dungeon Overview and Level Annotations

Branches:
Dungeon (2/15)

Altars:


Innate Abilities, Weirdness & Mutations

You are immune to sickness and miasma.
Your stone body is resilient. (AC +3)
You are immune to poison.
You resist negative energy. (rN+)
You are resistant to electric shocks. (rElec)
You are resistant to unholy torment.
You are immune to petrification.


Message History

As you read the scroll labelled GAJAFUX ISTUPU, it crumbles to dust.
The air around you briefly surges with heat, but it dissipates.
It was a scroll of immolation.
As you read the scroll labelled JONAUS UDDATI, it crumbles to dust.
You feel aware of your surroundings.
It was a scroll of magic mapping.
Found a stone staircase leading up.
A kobold comes into view. It is wielding a +0 short sword.
A worm comes into view.
You block the kobold's attack.
You miss the kobold. You block the kobold's attack.
You slash the kobold!
You kill the kobold!
Found a scroll of immolation.
Found a stone staircase leading down.
You slash the worm!
The worm is moderately wounded.
The worm bites you but does no damage.
You hit the worm but do no damage.
The worm is moderately wounded.
The worm bites you but does no damage.
You hit the worm.
The worm is heavily wounded.
The worm barely misses you.
You slash the worm!
The worm is almost dead.
The worm bites you!
You barely miss the worm.
The worm is almost dead.
The worm bites you!
* * * LOW HITPOINT WARNING * * *
You are too injured to fight recklessly!
You are too injured to fight recklessly!
You are too injured to fight recklessly!
You are too injured to fight recklessly!
You are too injured to fight recklessly!
You are too injured to fight recklessly!
You are too injured to fight recklessly!
You barely miss the worm.
The worm is severely wounded.
The worm bites you!
You die...

...#####.[# *******
.#.# ##.# )#.# #.###
##.# #...# ##.#
###.##### #..# #.....#
..## #####.#### ###
#..).# ****##@..#***
****** #...>.w<....#
,,,,,* #......##...#
**,,,*****#......#*####
*8,,,8*,,?.......#
**,,,****##......#
**,,,* #......# **,,,**
#......# *⌠,,,⌠*
********


You could see a worm.

Vanquished Creatures
  2 adders (D:2)
  3 ball pythons (D:1)
  3 endoplasms
  A giant cockroach (D:1)
  4 goblins (D:1)
  3 hobgoblins
  7 kobolds
  3 quokkas
  2 bats (D:1)
  A frilled lizard (D:1)
  A rat (D:1)
30 creatures vanquished.

Vanquished Creatures (others)
  11 plants (D:2)
11 creatures vanquished.

Grand Total: 41 creatures vanquished

Notes
Turn   | Place    | Note
-------+----------+-------------------------------------------
     0 | D:1      | bande the Gargoyle Fighter began the quest for the Orb.
     0 | D:1      | Reached XP level 1. HP: 14/14 MP: 1/1
   222 | D:1      | Reached XP level 2. HP: 19/19 MP: 2/2
   648 | D:1      | Reached XP level 3. HP: 24/24 MP: 3/3
   862 | D:2      | Slain by a worm

Illustrated notes

Levels and vault maps discovered:
D:1:      psy_arrival_radial01, layout_basic
D:2:      layout_rooms, serial_corexii_hall, chequers_hall_statues_corner_a,
          corexii_hall_statues_i, grunt_ministairs_5, lexackson_kobold_supper

Skill      XL: |  1  2 |
---------------+-------+-----
Axes           | 2 |  2.5
Fighting       | |  3.7
Armour         | |  3.7
Shields        | |  3.7

Action                     || total
---------------------------++-------
  Melee: War axe           ||   130
    Use: Scroll            ||     6
 Armour: Scale mail        ||    80
  Dodge: Dodged            ||    60
  Block: Buckler           ||    30

Table legend: (Time is in decaauts)
 A = Elapsed time spent in this place.
 B = Non-inter-level travel time spent in this place.
 C = Inter-level travel time spent in this place.
 D = Time resting spent in this place.
 E = Time spent auto-exploring this place.
 F = Levels seen in this place.
 G = Mean time per level.
                   A        B        C        D        E       F      G
               +--------+--------+--------+--------+--------+-----+--------+
         Total |    920 |    902 |     18 |      0 |    606 |   2 |  460.0 |
       Dungeon |    920 |    902 |     18 |      0 |    606 |   2 |  460.0 |
               +--------+--------+--------+--------+--------+-----+--------+

Top non-repeatable levels by time:
     D:1: 768 daAuts
     D:2: 152 daAuts
